 Dungeon Crawl Stone Soup version 0.17.1-2-g5865329 (webtiles) character file.

39 PossumBlood the Magician (level 3, -3/19 HPs)
             Began as a Deep Elf Wizard on Jan 22, 2016.
             Slain by a gnoll
             ... wielding a +0 club
              (7 damage)
             ... on level 2 of the Dungeon.
             The game lasted 00:08:18 (1883 turns).

PossumBlood the Magician (Deep Elf Wizard)          Turns: 1883, Time: 00:08:18

Health: -3/19      AC:  2    Str:  4    XL:     3   Next: 26%
Magic:  1/12       EV: 12    Int: 23    God:
Gold:   68         SH:  0    Dex: 13    Spells: 6 memorised, 1 level left

rFire  . . .     SeeInvis .     d - +0 dagger (speed)
rCold  . . .     Clarity  .     a - +0 robe
rNeg   . . .     SustAt   .     (no shield)
rPois  .         Gourm    .     b - +0 hat
rElec  .         Spirit   .     (no cloak)
rCorr  .         Warding  .     (no gloves)
rMut   .         Stasis   .     (no boots)
MR     .....                    (no amulet)
Stlth  ++........               (no ring)
                                (no ring)

@: very slightly contaminated, not resistant to hostile enchantments, unstealthy
A: no striking features
a: no special abilities


You were on level 2 of the Dungeon.
You were not hungry.

You visited 1 branch of the dungeon, and saw 2 of its levels.

You collected 68 gold pieces.

Inventory:

Hand Weapons
 d - a +0 dagger of speed (weapon)
Armour
 a - a +0 robe (worn)
 b - a +0 hat (worn)
Scrolls
 f - 3 scrolls of teleportation {unknown}
 g - a scroll of remove curse {unknown}
 h - a scroll of amnesia {unknown}
 l - 2 scrolls of identify {unknown}
 o - a scroll of random uselessness {unknown}
Potions
 e - a potion of invisibility {unknown}
 j - 2 potions of curing {unknown}
 k - 2 potions of brilliance {unknown}
 n - a potion of haste {unknown}
Books
 c - a book of Minor Magic

   Spells                             Type                      Level
   a - Magic Dart                     Conjuration                  1
   b - Blink                          Translocation                2
   c - Call Imp                       Summoning                    2
   d - Repel Missiles                 Charms/Air                   2
   e - Slow                           Hexes                        2
   f - Conjure Flame                  Conjuration/Fire             3
   g - Mephitic Cloud                 Conjuration/Poison/Air       3
Comestibles
 i - a bread ration
 m - a meat ration


   Skills:
 - Level 2.4 Dodging
 - Level 2.4 Stealth
 + Level 6.1 Spellcasting
 - Level 1.1 Conjurations
   Level 1.1 Summonings
 - Level 1.1 Translocations


You had one spell level left.
You knew the following spells:

 Your Spells              Type           Power        Failure   Level  Hunger
a - Magic Dart            Conj           ##..         6%          1    None
b - Blink                 Tloc           N/A          10%         2    None
c - Repel Missiles        Chrm/Air       #.....       14%         2    None
d - Slow                  Hex            #.......     14%         2    None
e - Conjure Flame         Conj/Fire      #.......     21%         3    #......
f - Mephitic Cloud        Conj/Pois/Air  #.......     24%         3    #......


Dungeon Overview and Level Annotations

Branches:
Dungeon (2/15)

Altars:
Nemelex Xobeh


Message History

* * * LOW HITPOINT WARNING * * *
You hit the gnoll but do no damage.
The gnoll is severely wounded.
You completely miss the gnoll.
The gnoll is severely wounded.
The gnoll barely misses you.
You hit the gnoll but do no damage.
The gnoll is severely wounded.
The gnoll closely misses you.
You hit the gnoll but do no damage.
The gnoll is severely wounded.
You closely miss the gnoll.
The gnoll is severely wounded.
The gnoll closely misses you.
You closely miss the gnoll.
The gnoll is severely wounded.
You hit the gnoll.
The gnoll is almost dead.
The gnoll hits you with a club!
You die...

.# ............ .## ..
..#.#...##.... ..####.# ###
#.#.#......... .......# #..
...#.#....#.### ..###..# #.#
###.#.#........# #####.< #.# #..
#.#.#.#.#### ....#.######.# #.#
#.#.#.#.#
###.#.....##.###.###.#.#.#.######
........(......g@.........(.....>
.......##.##.#.###.#.....########
..#.....#....#.# .####### #.
######..######.# .# #. ### ##..#
#.# .# #. ..# #...# #+# .# #.
#.###...# .# ## ........# ..
#.###...#


You could see a gnoll.

Vanquished Creatures
  A worm (D:2)
  A ball python (D:1)
  4 bats
  2 giant cockroaches
  6 goblins
  5 hobgoblins
  A quokka (D:2)
  2 giant newts (D:1)
  7 kobolds
  3 rats
32 creatures vanquished.

Notes
Turn   | Place    | Note
--------------------------------------------------------------
     0 | D:1      | PossumBlood the Deep Elf Wizard began the quest for the Orb.
     0 | D:1      | Reached XP level 1. HP: 10/10 MP: 7/7
   155 | D:1      | Reached skill level 5 in Spellcasting
   221 | D:1      | Reached XP level 2. HP: 15/15 MP: 7/10
  1072 | D:2      | Reached XP level 3. HP: 6/19 MP: 1/12
  1317 | D:2      | Found a sparkling altar of Nemelex Xobeh.
  1329 | D:2      | Reached skill level 6 in Spellcasting
  1630 | D:2      | Learned a level 2 spell: Blink
  1633 | D:2      | Learned a level 2 spell: Repel Missiles
  1636 | D:2      | Learned a level 2 spell: Slow
  1640 | D:2      | Learned a level 3 spell: Conjure Flame
  1644 | D:2      | Learned a level 3 spell: Mephitic Cloud
  1883 | D:2      | Slain by a gnoll

Action                   || total
-------------------------++-------
Melee: Dagger            ||    13
       Short sword       ||     7
 Cast: Magic Dart        ||    89
       Conjure Flame     ||     1
  Eat: Bread ration      ||     1
       Pizza             ||     1
